 Dungeon Crawl Stone Soup version 0.17-a0-1567-gdd419b1 (webtiles) character file.

16471 mrath the Protected (level 12, -1/75 HPs)
             Began as a Minotaur Fighter on July 22, 2015.
             Was the Champion of Okawaru.
             Slain by a red devil
             ... wielding a +0 demon trident
             ... summoned by a deep elf demonologist
              (15 damage)
             ... on level 1 of the Abyss.
             The game lasted 02:46:23 (17986 turns).

mrath the Protected (Minotaur Fighter)             Turns: 17986, Time: 02:46:23

Health: -1/75      AC: 20    Str: 22    XL:     12   Next: 10%
Magic:  13/13      EV:  7    Int:  3    God:    Okawaru [******]
Gold:   877        SH:  0    Dex: 10    Spells: 0 memorised, 11 levels left

rFire  . . .     SeeInvis .     I - +0 executioner's axe (venom)
rCold  . . .     Clarity  .     n - +1 plate armour
rNeg   . . .     SustAt   .     (no shield)
rPois  .         Gourm    .     (helmet restricted)
rElec  .         Spirit   .     z - +0 cloak
rCorr  +         Warding  .     J - +0 pair of gloves
rMut   .         Rnd*Tele +     o - +0 pair of boots
MR     .....                    H - amulet of resist corrosion
Stlth  ..........               (no ring)
                                (no ring)

@: about to teleport, not resistant to hostile enchantments, extremely
unstealthy
A: retaliatory headbutt, horns 2, blurry vision 1, deterioration 1, dopey 1,
frail 3, low mp 1, slow healing 1, teleportitis 1, weak 2, MP-powered wands
a: Heroism, Finesse, Renounce Religion


You were on level 1 of the Abyss.
You worshipped Okawaru.
Okawaru was exalted by your worship.
You were not hungry.

You visited 2 branches of the dungeon, and saw 12 of its levels.
You visited the Abyss 1 time.
You also visited: Sewer and Ossuary.

You collected 877 gold pieces.

Inventory:

Hand weapons
 a - a +0 war axe
 f - a +2 hand axe of electrocution
 D - a +0 flail
 I - a +0 executioner's axe of venom (weapon)
 K - a +1 hand axe of venom
 N - a +0 whip of flaming
 O - a +0 blowgun
Missiles
 b - 13 sling bullets of frost
 j - 6 tomahawks (quivered)
 w - 16 poisoned needles
 x - 7 needles of slowing
Armour
 c - a +0 shield
 n - a +1 plate armour (worn)
 o - a +0 pair of boots (worn)
 z - a +0 cloak (worn)
 J - a +0 pair of gloves (worn)
Jewellery
 H - an amulet of resist corrosion (around neck)
Magical devices
 l - a wand of lightning (6)
 m - a wand of fire (9)
 t - a wand of flame (12)
 G - a wand of paralysis (15)
 Q - a wand of digging (9)
Scrolls
 d - 3 scrolls of identify
 h - 3 scrolls of teleportation
 u - 3 scrolls of fog
 y - 4 scrolls of enchant armour
 B - a scroll of blinking
 E - 4 scrolls of magic mapping
 W - 3 scrolls of remove curse
 X - 3 scrolls of amnesia
Potions
 g - a potion of mutation {unknown}
 k - 4 potions of flight
 p - 2 potions of haste
 q - a potion of berserk rage {unknown}
 r - a potion of cancellation {unknown}
 s - 3 potions of heal wounds
 v - 2 potions of agility
 A - a potion of might
 C - 2 potions of lignification
 F - a potion of magic {unknown}
 M - a potion of curing
 P - a potion of resistance {unknown}
Comestibles
 e - 8 bread rations
 i - 6 meat rations


   Skills:
 + Level 10.7 Fighting
 + Level 10.5 Axes
 + Level 4.9 Throwing
 + Level 11.0 Armour
 - Level 0.2 Dodging
 + Level 11.0 Shields
 + Level 5.0 Invocations
 + Level 6.1 Evocations


You had 11 spell levels left.
You didn't know any spells.

Dungeon Overview and Level Annotations

Branches:
Dungeon (9/15)             Temple (0/1) D:4            Lair (3/8) D:9
  Swamp: Lair:3-6    Shoals: Lair:3-6     Snake: Lair:3-6    Spider: Lair:3-6
    Orc: D:9-12

Altars:
Dithmenos
Gozag
Kikubaaqudgha
Makhleb
Nemelex Xobeh
Okawaru
Qazlal
Vehumet
Yredelemnul

Shops:
D:6 %

Annotations:
Lair:3 Sonja


Innate Abilities, Weirdness & Mutations

You reflexively headbutt those who attack you in melee.
You have a pair of horns on your head.
Your magical capacity is low (-10% MP).
[Scrolls take you a little longer to read.]
[Your body sometimes deteriorates upon taking damage.]
[You are dopey. (Int -2)]
[You are extremely frail (-30% HP).]
[You heal slowly when monsters are visible.]
[You are occasionally teleported to nearby monsters.]
[You are very weak. (Str -4)]
[You expend magic power (3 MP) to strengthen your wands.]


Message History

The sun demon twists and deforms.
The red devil twists and deforms.
The small abomination hits you.
* * * LOW HITPOINT WARNING * * *
The deep elf demonologist shouts!
You slash the small abomination!
The small abomination is heavily damaged.
The small abomination hits you but does no damage.
The wretched star pulses with an eldritch light!
You feel stupid.
You feel frail.
The sun demon twists and deforms. x2
The small abomination hits you but does no damage.
The sun demon closely misses you.
The wretched star pulses with an eldritch light!
You feel frail.
You feel yourself wasting away.
The sun demon twists and deforms.
The sun demon hits you.
You are engulfed in flames!
* * * LOW HITPOINT WARNING * * *
The deep elf demonologist gestures wildly while chanting.
The red devil hits you from afar with a demon trident!
You die...

# # # #.. #. ..#
.##. . ..## ##.
..... # .. #*. .
#...## # ###
..#.##. . . # #..
#.##.### #
#..###.*3.3.# # .
#...#3.##x### . .
#...4###.#@.#.# . #
#..#. #.#.x....# ##
#2 .#.e4......# #..
#..#.##....# # # #.
.#....#......##.
#..#.#4#.###.##....
#....#...#.... ###.
....##.##..##... ##
##..#...#. # .## .
. #


You could see 2 sun demons, a deep elf demonologist, a rust devil, a red devil
and 2 small abominations.

Vanquished Creatures
  2 hydras (Lair:2)
  A large abomination (Abyss:1)
  Pikel (D:6)
  2 spiny frogs (Lair:3)
  2 black mambas
  A komodo dragon (Lair:1)
  A two-headed ogre (D:9)
  A slime creature (D:7)
  7 blink frogs
  24 yaks
  A basilisk (Lair:3)
  A wolf (Lair:3)
  A chaos spawn (Abyss:1)
  2 hippogriffs (D:8)
  2 neqoxecs (Abyss:1)
  Menkaure (D:6)
  2 wargs
  4 porcupines
  A steam dragon (D:8)
  2 water moccasins
  2 black bears
  A necrophage (D:9)
  2 phantoms (D:4)
  2 sky beasts
  A wasp (D:8)
  4 ogres
  2 orc warriors
  An ice beast (D:7)
  A centaur (D:7)
  8 crocodiles
  The ghost of Xoff the Magician, an average DsWz of Gozag (D:3)
  10 giant frogs
  2 big kobolds
  2 scorpions
  A water moccasin skeleton (D:4)
  4 killer bees
  4 crimson imps
  2 vampire bats (D:9)
  2 centaur zombies (Ossuary)
  A gnoll shaman (D:7)
  2 human zombies (Ossuary)
  A giant frog skeleton (D:5)
  10 orc priests
  3 hounds
  6 jellies
  7 orc wizards
  2 centaur skeletons
  Terence (D:3)
  3 iguanas
  6 worker ants
  13 sheep
  4 big kobold zombies (Ossuary)
  4 hound zombies
  3 mummies (Ossuary)
  A worker ant zombie (D:7)
  8 adders
  10 gnolls
  5 river rats
  2 shadow imps
  14 oozes
  An adder skeleton (D:6)
  4 adder zombies
  A worm (D:2)
  5 giant geckos
  26 orcs
  9 bats
  3 bat skeletons
  6 bat zombies
  10 giant cockroaches
  A gnoll zombie (Ossuary)
  11 goblins
  8 hobgoblins
  8 jackals
  22 kobolds
  2 quokkas (D:8)
  4 ball pythons
  A giant gecko skeleton (D:5)
  6 giant newts
  2 goblin zombies (Ossuary)
  2 hobgoblin zombies (Ossuary)
  A jackal skeleton (D:5)
  5 jackal zombies (Ossuary)
  5 kobold zombies (Ossuary)
  An orc zombie (Ossuary)
  A quokka skeleton (D:4)
  6 quokka zombies
  21 rats
  3 rat zombies (Ossuary)
  2 fungi
  2 plants (Lair:2)
396 creatures vanquished.

Vanquished Creatures (others)
  A slave (D:6)
  A giant frog (D:8)
  An iguana (D:6)
  An adder (D:6)
  2 orcs (D:6)
  A quokka (D:6)
  A rat (D:6)
  A bush (Lair:3)
  12 fungi
  3 plants
24 creatures vanquished.

Grand Total: 420 creatures vanquished

Notes
Turn   | Place    | Note
--------------------------------------------------------------
     0 | D:1      | mrath the Minotaur Fighter began the quest for the Orb.
     0 | D:1      | Reached XP level 1. HP: 19/19 MP: 0/0
   111 | D:1      | Reached skill level 4 in Shields
   125 | D:1      | Reached XP level 2. HP: 27/27 MP: 1/1
   813 | D:1      | Reached XP level 3. HP: 33/33 MP: 2/2
  1384 | D:2      | Found a burning altar of Makhleb.
  1786 | D:3      | Noticed Xoff's ghost (average DsWz)
  1949 | D:3      | Noticed Terence
  1965 | D:3      | Killed Terence
  1965 | D:3      | Reached XP level 4. HP: 21/40 MP: 3/3
  2456 | D:3      | Killed Xoff's ghost
  2456 | D:3      | Reached skill level 5 in Shields
  2456 | D:3      | Reached XP level 5. HP: 35/47 MP: 4/4
  2852 | D:4      | Reached skill level 5 in Fighting
  2852 | D:4      | Reached skill level 5 in Armour
  3031 | D:4      | Got an ancient mace
  3062 | D:4      | Found an iron altar of Okawaru.
  3062 | D:4      | Noticed a phantom
  3071 | D:4      | Became a worshipper of Warmaster Okawaru
  3082 | D:4      | Found a basalt altar of Yredelemnul.
  3085 | D:4      | Found a stormy altar of Qazlal.
  3107 | D:4      | Killed a phantom
  3107 | D:4      | Reached XP level 6. HP: 40/56 MP: 5/5
  3253 | D:4      | Acquired Okawaru's first power
  3316 | D:4      | Found a staircase to the Ecumenical Temple.
  3468 | D:4      | Noticed a phantom
  3484 | D:4      | Killed a phantom
  3503 | D:4      | Reached XP level 7. HP: 51/61 MP: 6/6
  3715 | D:4      | Identified the cursed +2 mace "Iwku" {speed, Str+4 Stlth+} (You found it on level 4 of the Dungeon)
  3719 | D:5      | Entered Level 5 of the Dungeon
  3728 | D:5      | Reached skill level 5 in Axes
  3728 | D:5      | Reached skill level 6 in Shields
  4152 | D:5      | Found a glowing drain.
  4215 | Sewer    | Entered a sewer
  4324 | Sewer    | Found a glowing silver altar of Zin.
  5058 | D:5      | Reached XP level 8. HP: 67/71 MP: 7/7
  5812 | D:6      | Reached skill level 7 in Shields
  6051 | D:6      | Noticed Menkaure
  6060 | D:6      | Killed Menkaure
  6359 | D:6      | Found a sparkling altar of Nemelex Xobeh.
  6359 | D:6      | Found a radiant altar of Vehumet.
  6390 | D:6      | Noticed Pikel
  6400 | D:6      | Killed Pikel
  6400 | D:6      | Reached skill level 1 in Evocations
  6538 | D:6      | Reached XP level 9. HP: 35/79 MP: 9/9
  6770 | D:6      | Found Udghiciup's Food Shop.
  7318 | D:7      | Reached skill level 8 in Shields
  8933 | D:8      | Found a shadowy altar of Dithmenos.
  9077 | D:8      | Found a sand-covered staircase.
  9086 | Ossuary  | Entered an ossuary
  9653 | Ossuary  | Reached skill level 9 in Shields
 10102 | D:8      | Found an opulent altar of Gozag.
 10139 | D:8      | Reached XP level 10. HP: 82/90 MP: 11/11
 10269 | D:8      | Reached skill level 1 in Invocations
 10797 | D:7      | Acquired Okawaru's second power
 11756 | D:9      | Reached skill level 1 in Throwing
 11860 | D:9      | Found a staircase to the Lair.
 12115 | D:9      | Found an ancient bone altar of Kikubaaqudgha.
 12698 | Lair:1   | Entered Level 1 of the Lair of Beasts
 12832 | Lair:1   | Reached skill level 10 in Shields
 13115 | Lair:1   | Reached skill level 10 in Armour
 13330 | Lair:1   | Reached XP level 11. HP: 98/98 MP: 13/13
 14162 | Lair:1   | Noticed a black mamba
 14171 | Lair:1   | Killed a black mamba
 14426 | Lair:1   | Reached skill level 5 in Evocations
 14754 | Lair:1   | Reached skill level 10 in Fighting
 14766 | Lair:2   | Received a gift from Okawaru
 14868 | Lair:2   | Noticed a seven-headed hydra
 14894 | Lair:2   | Killed a seven-headed hydra
 15053 | Lair:2   | Reached skill level 10 in Axes
 15340 | Lair:2   | Noticed an eight-headed hydra
 15359 | Lair:2   | Killed an eight-headed hydra
 17138 | Lair:3   | Received a gift from Okawaru
 17479 | Lair:3   | Reached XP level 12. HP: 90/108 MP: 15/15
 17731 | Lair:3   | Noticed Sonja
 17736 | Lair:3   | Cast into the Abyss (Sonja)
 17847 | Abyss:1  | Gained mutation: Your magical capacity is low (-10% MP). [a neqoxec]
 17863 | Abyss:1  | Reached skill level 11 in Shields
 17962 | Abyss:1  | Reached skill level 5 in Invocations
 17965 | Abyss:1  | Noticed a deep elf demonologist
 17971 | Abyss:1  | Noticed a balrug
 17986 | Abyss:1  | Slain by a red devil

Vault maps used:
D:1:      dpeg_arrival_signposts, st_stairs_7
D:2:      overflow_temple_1_default
D:3:      uniq_terence
D:4:      grunt_temple_overflow_diamond, temple_green, serial_glass,
          glass_columns_b, glass_columns_b
D:5:      first_bread, gup_sewer_entry_glass
D:6:      gammafunk_temple_overflow_statue, serial_shops, shop, uniq_menkaure,
          uniq_pikel
D:8:      lemuel_slime, nicolae_gozag_cash_rules_everything_around_me,
          nicolae_dithmenos_shadow_blocks, lightli_ossuary_entry_decrepit_ruins
D:9:      kennysheep_vampire_church, erik_lair_orcish_takeover
Lair:1:   statuecave_lemuel
Lair:3:   uniq_sonja
Sewer:    sewer_kobolds
Ossuary:  minmay_ossuary_two_tombs

Action                   |  1- 3 |  4- 6 |  7- 9 | 10-12 || total
-------------------------+-------+-------+-------+-------++-------
Melee: War axe           |   111 |   102 |   329 |   293 ||   835
       Mace              |       |       |   179 |       ||   179
       Hand axe          |       |       |       |   204 ||   204
       Whip              |       |       |       |    11 ||    11
       Flail             |       |       |       |    15 ||    15
       Executioner's axe |       |       |       |    33 ||    33
 Fire: Blowgun           |       |       |       |    95 ||    95
       Hunting sling     |       |       |       |     6 ||     6
Throw: Tomahawk          |     7 |     4 |    46 |    40 ||    97
       Stone             |       |       |     1 |       ||     1
Invok: Heroism           |       |       |     2 |     6 ||     8
       Finesse           |       |       |       |     2 ||     2
Evoke: Wand              |       |       |     1 |       ||     1
  Use: Scroll            |     3 |     1 |    14 |     3 ||    21
       Potion            |       |     1 |       |     3 ||     4
 Stab: Distracted        |       |       |       |     1 ||     1
  Eat: Chunk             |     3 |     5 |    13 |    14 ||    35
       Fruit             |       |     1 |     5 |     3 ||     9
       Pizza             |       |       |     1 |       ||     1
       Bread ration      |       |       |     1 |     2 ||     3
       Beef jerky        |       |       |       |     1 ||     1
